General information
- name: BNet
- type: Ladder team game (AT/RT)
- host: Battle.net
- saver: noooooobs
map: PhantomGrove
- players: 4
- length: 23:51
- speed: Fast
- version: 1.24 W3XP
- replay type: Public
» download(133 KB)
Players
team 1 (loser)

»
HeyHoDiHo (
yellow | 78 APM | 1852 actions | 23:50)
5 Death Knight
3 Death Coil
2 Unholy Aura
4 Lich
2 Frost Nova
2 Frost Armor
» actions
| Assign group hotkey | 55 | |
| Build / train | 41 | |
| Enter build submenu | 16 | |
| Enter hero's abilities submenu | 9 | |
| Remove unit from queue | 1 | |
| Right click | 809 | |
| Select / deselect | 269 | |
| Select group hotkey | 579 | |
| Use ability | 73 | |
1852 total
» units
| Acolyte | 2 | |
| Ghoul | 2 | |
| Crypt Fiend | 6 | |
| Obsidian Statue | 2 | |
| Abomination | 4 | |
| Meatwagon | 1 | |
17 total
» upgrades
| Burrow | 1 | |
| Disease Cloud | 1 | |
| Unholy Armor | 1 | |
| Destroyer Form | 1 | |
| Web | 1 | |
5 total
» buildings
| Graveyard | 1 | |
| Crypt | 1 | |
| Altar of Darkness | 1 | |
| Ziggurat | 6 | |
| Tomb of Relics | 1 | |
| Halls of the Dead | 1 | |
| Black Citadel | 1 | |
| Slaughterhouse | 2 | |
14 total
» build order
00:21 Graveyard
00:24 Crypt
00:42 Altar of Darkness
00:57 Ziggurat
01:11 Tomb of Relics
01:45 Ziggurat
04:05 Halls of the Dead
05:02 Ziggurat
05:04 Ziggurat
06:56 Black Citadel
08:06 Slaughterhouse
08:34 Slaughterhouse
09:24 Ziggurat
11:43 Ziggurat
» items
| Rod of Necromancy | 1 | |
| Scroll of Town Portal | 2 | |
| Potion of Healing | 1 | |
4 total
iSx-Da[r]kWolf (
red | 73 APM | 1744 actions | 23:50)
5 Death Knight
3 Death Coil
2 Unholy Aura
5 Lich
3 Frost Nova
2 Frost Armor
» actions
| Assign group hotkey | 24 | |
| Build / train | 47 | |
| Enter build submenu | 21 | |
| Enter hero's abilities submenu | 10 | |
| Give item / drop item | 1 | |
| Right click | 966 | |
| Select / deselect | 252 | |
| Select group hotkey | 362 | |
| Use ability | 61 | |
1744 total
» units
| Acolyte | 2 | |
| Ghoul | 4 | |
| Crypt Fiend | 8 | |
| Frost Wyrm | 6 | |
| Obsidian Statue | 1 | |
| Abomination | 1 | |
22 total
» upgrades
| Creature Attack | 2 | |
| Burrow | 1 | |
| Web | 1 | |
| Freezing Breath | 1 | |
| Destroyer Form | 1 | |
6 total
» buildings
| Crypt | 1 | |
| Graveyard | 1 | |
| Altar of Darkness | 1 | |
| Ziggurat | 10 | |
| Tomb of Relics | 2 | |
| Halls of the Dead | 1 | |
| Black Citadel | 1 | |
| Sacrificial Pit | 1 | |
| Boneyard | 1 | |
| Slaughterhouse | 1 | |
| Spirit Tower | 2 | |
22 total
» build order
00:06 Crypt
00:10 Graveyard
00:43 Altar of Darkness
00:59 Ziggurat
01:25 Tomb of Relics
02:03 Ziggurat
03:56 Halls of the Dead
04:25 Ziggurat
06:29 Tomb of Relics
07:06 Black Citadel
07:10 Ziggurat
07:15 Ziggurat
08:20 Sacrificial Pit
09:28 Boneyard
10:50 Ziggurat
11:36 Ziggurat
13:58 Ziggurat
14:17 Slaughterhouse
19:39 Spirit Tower
19:46 Spirit Tower
23:35 Ziggurat
23:43 Ziggurat
» items
| Rod of Necromancy | 2 | |
| Orb of Corruption | 1 | |
3 total
team 2 (winner)
rzn.keeper (
green | 66 APM | 1578 actions | 23:50)
4 Mountain King
2 Storm Bolt
2 Bash
2 Paladin
1 Holy Light
1 Devotion Aura
» actions
| Assign group hotkey | 25 | |
| Basic commands | 96 | |
| Build / train | 97 | |
| Enter build submenu | 56 | |
| Enter hero's abilities submenu | 6 | |
| Give item / drop item | 2 | |
| Remove unit from queue | 2 | |
| Right click | 602 | |
| Select / deselect | 393 | |
| Select group hotkey | 185 | |
| Use ability | 114 | |
1578 total
» units
| Peasant | 25 | |
| Footman | 7 | |
| Knight | 4 | |
| Siege Engine | 6 | |
| Dragonhawk Rider | 5 | |
| Flying Machine | 4 | |
51 total
» upgrades
| Masonry | 3 | |
| Defend | 1 | |
| Gunpowder | 3 | |
| Flak Cannons | 1 | |
| Barrage | 1 | |
| Storm Hammers | 1 | |
10 total
» buildings
| Altar of Kings | 1 | |
| Farm | 10 | |
| Barracks | 1 | |
| Lumber Mill | 1 | |
| Town Hall | 4 | |
| Scout Tower | 24 | |
| Arcane Tower | 2 | |
| Guard Tower | 10 | |
| Arcane Vault | 2 | |
| Keep | 1 | |
| Blacksmith | 1 | |
| Castle | 1 | |
| Workshop | 6 | |
| Gryphon Aviary | 2 | |
66 total
» build order
00:04 Altar of Kings
00:18 Farm
00:49 Barracks
01:18 Farm
02:23 Farm
02:43 Lumber Mill
03:11 Town Hall
04:06 Scout Tower
04:08 Scout Tower
04:11 Scout Tower
04:57 Arcane Tower
04:59 Guard Tower
05:01 Arcane Vault
05:11 Scout Tower
05:12 Scout Tower
05:13 Scout Tower
05:14 Scout Tower
05:42 Guard Tower
06:05 Scout Tower
06:05 Scout Tower
06:10 Guard Tower
06:34 Arcane Vault
06:38 Guard Tower
06:50 Keep
07:26 Scout Tower
07:30 Scout Tower
08:30 Blacksmith
09:01 Scout Tower
09:01 Scout Tower
09:02 Scout Tower
09:02 Scout Tower
09:04 Scout Tower
09:04 Scout Tower
09:05 Scout Tower
09:07 Scout Tower
09:18 Town Hall
09:20 Castle
09:32 Arcane Tower
09:50 Town Hall
10:02 Guard Tower
10:03 Scout Tower
10:05 Scout Tower
10:06 Scout Tower
10:09 Scout Tower
10:10 Scout Tower
10:54 Guard Tower
11:13 Workshop
11:14 Workshop
11:15 Workshop
11:23 Guard Tower
11:32 Workshop
12:26 Farm
12:27 Farm
12:27 Farm
12:29 Farm
12:55 Farm
13:02 Farm
13:02 Farm
13:56 Guard Tower
14:08 Guard Tower
14:14 Gryphon Aviary
14:14 Gryphon Aviary
16:27 Guard Tower
18:19 Workshop
18:20 Workshop
21:13 Town Hall
» items
| Lesser Clarity Potion | 1 | |
| Scroll of Regeneration | 2 | |
| Scroll of Healing | 1 | |
| Potion of Lesser Invulnerability | 1 | |
| Scroll of Town Portal | 2 | |
| Scroll of Protection | 1 | |
| Potion of Healing | 2 | |
| Orb of Fire | 1 | |
| Staff of Sanctuary | 1 | |
12 total

»
noooooobs (
orange | 125 APM | 2974 actions | 23:51)
4 Archmage
2 Summon Water Elemental
2 Brilliance Aura
4 Mountain King
2 Storm Bolt
2 Bash
» actions
| Assign group hotkey | 37 | |
| Basic commands | 2 | |
| Build / train | 73 | |
| ESC pressed | 8 | |
| Enter build submenu | 29 | |
| Enter hero's abilities submenu | 9 | |
| Give item / drop item | 4 | |
| Right click | 1039 | |
| Select / deselect | 812 | |
| Select group hotkey | 805 | |
| Use ability | 156 | |
2974 total
» units
| Peasant | 17 | |
| Footman | 5 | |
| Spell Breaker | 7 | |
| Priest | 6 | |
| Sorceress | 6 | |
41 total
» upgrades
| Priest Training | 1 | |
| Sorceress Training | 1 | |
2 total
» buildings
| Altar of Kings | 1 | |
| Barracks | 1 | |
| Farm | 10 | |
| Scout Tower | 11 | |
| Arcane Tower | 4 | |
| Keep | 2 | |
| Arcane Vault | 1 | |
| Arcane Sanctum | 3 | |
33 total
» build order
00:05 Altar of Kings
00:19 Barracks
00:33 Farm
00:49 Farm
01:32 Scout Tower
02:00 Arcane Tower
02:15 Farm
02:59 Keep
02:59 Keep
03:26 Farm
03:35 Arcane Vault
04:03 Scout Tower
04:04 Scout Tower
04:11 Farm
04:59 Arcane Tower
04:59 Arcane Tower
05:24 Arcane Sanctum
05:43 Farm
05:58 Arcane Sanctum
06:30 Scout Tower
07:59 Arcane Sanctum
08:46 Farm
08:48 Farm
09:30 Farm
09:31 Farm
12:11 Scout Tower
12:11 Scout Tower
12:12 Scout Tower
12:12 Scout Tower
12:14 Scout Tower
12:41 Arcane Tower
14:27 Scout Tower
14:27 Scout Tower
» items
| Scroll of Regeneration | 3 | |
| Lesser Clarity Potion | 3 | |
| Potion of Healing | 2 | |
| Scroll of Town Portal | 4 | |
| Scroll of Healing | 1 | |
| Boots of Speed | 1 | |
14 total
Chat log
(00:23 / Allies) rzn.keeper: ME FE
(00:26 / Allies) noooooobs: ok
(00:38 / Allies) rzn.keeper: MK
(03:47 / Allies) rzn.keeper: )
(03:50 / Allies) noooooobs: tower
(03:56 / Allies) rzn.keeper: KK
(03:57 / Allies) rzn.keeper: TY
(04:50 / Allies) noooooobs: bb
(06:25 / Allies) rzn.keeper: TOWER
(06:43 / Allies) rzn.keeper: WOOD
(08:12 / Allies) rzn.keeper: MB MASSS TANK?
(08:15 / Allies) noooooobs: go knihght
(08:15 / Allies) rzn.keeper: ЛШД ЬФШТ
(08:16 / Allies) noooooobs: mass
(08:19 / Allies) rzn.keeper: KIL MAIN
(11:04 / Allies) rzn.keeper: TOWE PLZ
(11:24 / Allies) noooooobs: whot u do
(11:26 / Allies) rzn.keeper: B
(11:47 / Allies) rzn.keeper: TOWER
(12:08 / Allies) rzn.keeper: MASS TOWER
(12:33 / Allies) rzn.keeper: TP?*
(12:38 / Allies) noooooobs: wgher ur units?
(12:42 / Allies) noooooobs: tp
(12:43 / Allies) rzn.keeper: ЬШДШСШФ
(12:45 / Allies) rzn.keeper: И
(12:48 / Allies) rzn.keeper: NO
(12:49 / Allies) rzn.keeper: NO TP
(13:08 / Allies) noooooobs: tp both
(13:14 / Allies) noooooobs: 3
(13:14 / Allies) noooooobs: 2
(13:15 / Allies) noooooobs: 1
(14:17 / Allies) rzn.keeper: WOOD
(14:41 / Allies) rzn.keeper: NO TP
(15:09 / Allies) rzn.keeper: MAIN
(15:49 / Allies) noooooobs: do some dragonhawk
(16:44 / Allies) rzn.keeper: TP
(18:26 / Allies) rzn.keeper: B
(18:27 / Allies) rzn.keeper: B
(18:35 / Allies) rzn.keeper: B
(18:35 / Allies) rzn.keeper: B
(18:43 / Allies) rzn.keeper: KIL
(19:00 / Allies) rzn.keeper: B
(19:20 / All) iSx-Da[r]kWolf: leave pls
(19:27 / Allies) noooooobs: gold
(20:18 / Allies) rzn.keeper: B
(20:18 / Allies) rzn.keeper: B
(20:29 / Allies) noooooobs: nice
(20:46 / Allies) noooooobs: tp
(20:47 / Allies) noooooobs: fast
(20:49 / Allies) noooooobs: gogogo
(20:56 / Allies) noooooobs: tp is win
(20:57 / Allies) noooooobs: fast
(20:58 / Allies) rzn.keeper: GO GO
(21:08 / All) rzn.keeper: GG
(22:15 / Allies) rzn.keeper: WE WIN
(22:39 / Allies) noooooobs: more tack
(22:40 / Allies) noooooobs: to
(23:04 / Allies) noooooobs: use gold
(23:20 / Allies) noooooobs: some wood too
(23:24 / Allies) noooooobs: for revive am
(23:46 / Allies) noooooobs: 200 g
(23:46 / Allies) noooooobs: for am
(23:48 / Allies) noooooobs: pls